 Dungeon Crawl Stone Soup version 0.30-a0-715-gdb4ae3ece1 (webtiles) character file.

Game seed: 14104496269998051849

3495 bande the Cleaver (level 10, -2/61 HPs)
             Began as a Gargoyle Fighter on Jan 23, 2023.
             Slain by a six-headed hydra (6 damage)
             ... on level 9 of the Dungeon on Jan 24, 2023.
             The game lasted 00:16:31 (8394 turns).

bande the Cleaver (Gargoyle Fighter)                Turns: 8394, Time: 00:16:31

Health: -2/61      AC: 24    Str: 19    XL:     10   Next: 7%
Magic:  0/10       EV:  4    Int: 12    God:
Gold:   830        SH: 10    Dex: 13    Spells: 9/9 levels left

rFire   . . .      SeeInvis .    D - +2 war axe (flame)
rCold   . . .      Faith    .    e - +0 kite shield "Vimmuic" {Int+2}
rNeg    + . .      Spirit   +    q - +0 plate armour
rPois   ∞          Reflect  .    y - +1 helmet
rElec   +          Harm     .    g - +0 cloak
rCorr   .          Rampage  .    (no gloves)
Will    .....                    (no boots) Stlth
                                 f - amulet of guardian spirit
HPRegen 0.30/turn                (no ring)
MPRegen 0.12/turn                (no ring)

@: no status effects
A: sickness immunity, AC +7, negative energy resistance 1, electricity
resistance, torment resistance 1, petrification resistance
a: no special abilities


You were on level 9 of the Dungeon.
You visited 2 branches of the dungeon, and saw 10 of its levels.
You also visited: Sewer.

You collected 830 gold pieces.

Inventory:

Hand Weapons
 a - a +1 war axe of flaming
 D - a +2 war axe of flaming (weapon)
Missiles
 k - 3 throwing nets (quivered)
Armour
 e - the +0 kite shield "Vimmuic" (worn) {Int+2}
   (You found it on level 3 of the Dungeon)

   Int:       It affects your intelligence (+2).
 g - a +0 cloak (worn)
 q - a +0 plate armour (worn)
 y - a +1 helmet (worn)
Jewellery
 f - an amulet of guardian spirit (around neck)
 l - a ring of wizardry
 p - a ring of fire
Wands
 h - a wand of flame (15)
 r - a wand of quicksilver (4)
 A - a wand of polymorph (3)
Scrolls
 b - 3 scrolls of teleportation
 j - 2 scrolls of blinking
 s - a scroll of identify
 v - a scroll of amnesia
Potions
 d - 3 potions of might
 i - 3 potions of curing
 m - 3 potions of invisibility
 n - 2 potions of berserk rage
 t - a potion of cancellation
 w - 4 potions of brilliance
 x - 2 potions of resistance
 z - 2 potions of haste
 B - a potion of heal wounds


   Skills:
 + Level 6.5 Fighting
 + Level 8.5 Axes
 + Level 7.1 Armour
 + Level 7.0 Shields
 * Level 4.3 Evocations


You had 9 spell levels left.
You didn't know any spells.
Your spell library contained the following spells:

 Spells                   Type           Power      Damage    Failure   Level
 Freeze                   Ice            0%         1d3       100%        1
 Sandblast                Erth           0%         2d4       100%        1
 Ensorcelled Hibernation  Hex/Ice        0%         N/A       100%        2
 Passwall                 Tmut/Erth      0%         N/A       100%        2
 Scorch                   Fire           0%         2d5       100%        2
 Frozen Ramparts          Ice            0%         1d1       100%        3
 Hailstorm                Conj/Ice       0%         3d3       100%        3
 Stone Arrow              Conj/Erth      0%         3d7       100%        3
 Swiftness                Air            0%         N/A       100%        3
 Flame Wave               Conj/Fire      0%         2d4       100%        4
 Summon Ice Beast         Ice/Summ       0%         N/A       100%        4
 Summon Mana Viper        Hex/Summ       0%         N/A       100%        5
 Summon Cactus Giant      Summ           0%         N/A       100%        6
 Monstrous Menagerie      Summ           0%         N/A       100%        7


Dungeon Overview and Level Annotations

Branches:
Dungeon (9/15)             Temple (1/1) D:7           Sewer (visited)
   Lair: D:8-11         Orc: D:9-12

Altars:
Ashenzari
Cheibriados
Dithmenos
Elyvilon
Fedhas
Gozag
Hepliaklqana
Kikubaaqudgha
Makhleb
Nemelex Xobeh
Qazlal
Ru
Sif Muna
Trog
Uskayaw
Vehumet
Wu Jian
Xom
Yredelemnul
Zin
The Shining One

Shops:
D:1 *   D:4 :   D:8 *


Innate Abilities, Weirdness & Mutations

You are immune to sickness and miasma.
Your stone body is resilient. (AC +7)
You are immune to poison.
You resist negative energy. (rN+)
You are resistant to electric shocks. (rElec)
You are resistant to unholy torment.
You are immune to petrification.


Message History

The seven-headed hydra completely misses you.
The seven-headed hydra bites you.
The seven-headed hydra bites you but does no damage.
The seven-headed hydra bites you.
The seven-headed hydra barely misses you.
The seven-headed hydra bites you but does no damage.
You block the seven-headed hydra's attack.
The seven-headed hydra bites you!
The seven-headed hydra bites you but does no damage.
You block the seven-headed hydra's attack.
The seven-headed hydra completely misses you.
The seven-headed hydra bites you.
* * * LOW HITPOINT WARNING * * *
You are too injured to fight recklessly!
You are too injured to fight recklessly!
You are too injured to fight recklessly!
You are too injured to fight recklessly!
You are too injured to fight recklessly!
You are too injured to fight recklessly!
You are too injured to fight recklessly!
You are too injured to fight recklessly!
You are too injured to fight recklessly!
You are too injured to fight recklessly!
You hack one of the seven-headed hydra's heads off!
The flame cauterises the wound!
You slash the six-headed hydra! You burn the six-headed hydra.
The six-headed hydra is heavily wounded.
You block the six-headed hydra's attack. x3
The six-headed hydra bites you.
* * * LOW HITPOINT WARNING * * *
The six-headed hydra bites you.
* * * LOW HITPOINT WARNING * * *
The six-headed hydra bites you.
* * * LOW HITPOINT WARNING * * *
You hit the six-headed hydra. You burn the six-headed hydra.
The six-headed hydra is heavily wounded.
The six-headed hydra bites you. x2
* * * LOW HITPOINT WARNING * * *
The six-headed hydra bites you.
You die...

.....# #............
.....# #...........?
.....#####............
.........<............
.............#!#########
...#########.#.......{..
#### #.#.#.#....#
#.#.#.###... #.#..@..# .
#.#..D....#
#.#..#.#....#
#.#..#.###... #.#.. ..
#. #.. ... #.. .## #..
..


You could see a six-headed hydra.

Vanquished Creatures
  A komodo dragon (D:7)
  A wyvern (D:7)
  3 yaks (D:8)
  A water moccasin (D:7)
  An orc warrior (D:8)
  An ice beast (D:6)
  A sky beast (D:6)
  An ogre (D:5)
  3 kobold brigands
  2 bullfrogs
  A necrophage (D:4)
  2 gnoll sergeants
  A scorpion (D:4)
  7 crimson imps (D:7)
  3 hounds
  3 jellies (D:5)
  3 orc priests
  3 gnoll boudas
  Ijyb (D:5)
  Jessica (D:3)
  An iguana (D:6)
  Natasha (thrice) (D:3)
  9 orc wizards
  28 gnolls
  6 river rats (Sewer)
  8 adders
  2 shadow imps (D:7)
  5 white imps
  5 worms (D:2)
  A dart slug (D:1)
  31 orcs
  6 endoplasms
  3 giant cockroaches
  5 goblins
  12 hobgoblins
  7 jackals (D:1)
  A quokka (D:4)
  14 ball pythons
  4 bats
  2 frilled lizards
  20 kobolds
  22 rats
235 creatures vanquished.

Notes
Turn   | Place    | Note
-------+----------+-------------------------------------------
     0 | D:1      | bande the Gargoyle Fighter began the quest for the Orb.
     0 | D:1      | Reached XP level 1. HP: 14/14 MP: 1/1
   197 | D:1      | Found Ytyoddach's General Store.
   218 | D:1      | Reached XP level 2. HP: 17/19 MP: 2/2
   253 | D:1      | Reached skill level 2 in Axes
   425 | D:1      | Reached XP level 3. HP: 23/23 MP: 3/3
  1372 | D:2      | Reached XP level 4. HP: 16/29 MP: 2/4
  1463 | D:3      | Noticed Natasha
  1476 | D:3      | Killed Natasha
  1477 | D:3      | Reached skill level 3 in Axes
  1635 | D:3      | Noticed Natasha
  1652 | D:3      | Killed Natasha
  1653 | D:3      | Reached XP level 5. HP: 12/33 MP: 2/5
  1655 | D:3      | Noticed Natasha
  1663 | D:3      | Killed Natasha
  1744 | D:3      | Identified the +8 falchion of Imideb {freeze, Will+ Int+3}
  1891 | D:3      | Identified the +0 kite shield "Vimmuic" {Int+2}
  1996 | D:3      | Noticed Jessica
  2010 | D:3      | Killed Jessica
  2011 | D:3      | Reached XP level 6. HP: 36/38 MP: 6/6
  2079 | D:3      | Found a shadowy altar of Dithmenos.
  2082 | D:3      | Found a sparkling altar of Nemelex Xobeh.
  2085 | D:3      | Found a hazy altar of Hepliaklqana.
  2088 | D:3      | Found a blossoming altar of Fedhas.
  2289 | D:4      | Reached skill level 4 in Axes
  2597 | D:4      | Reached skill level 5 in Armour
  2873 | D:4      | Found Ziumm's Book Emporium.
  3176 | D:5      | Entered Level 5 of the Dungeon
  3192 | D:5      | Reached XP level 7. HP: 44/44 MP: 7/7
  3250 | D:5      | Noticed Ijyb
  3278 | D:5      | Killed Ijyb
  3324 | D:5      | Reached skill level 5 in Axes
  3495 | D:5      | Found a glowing drain.
  3518 | Sewer    | Entered a sewer
  4323 | D:5      | Reached XP level 8. HP: 45/48 MP: 8/8
  4411 | D:5      | Reached skill level 5 in Shields
  4639 | D:5      | Reached skill level 5 in Fighting
  4897 | D:6      | Reached skill level 6 in Axes
  4897 | D:6      | Reached skill level 1 in Evocations
  5126 | D:6      | Found a basalt altar of Yredelemnul.
  5369 | D:6      | Found a stormy altar of Qazlal.
  5468 | D:6      | Found an opulent altar of Gozag.
  5871 | D:7      | Noticed a wyvern
  5882 | D:7      | Noticed a komodo dragon
  5883 | D:7      | Killed a wyvern
  5884 | D:7      | Reached XP level 9. HP: 27/55 MP: 4/9
  5899 | D:7      | Killed a komodo dragon
  5900 | D:7      | Reached skill level 7 in Axes
  6827 | D:7      | Found a staircase to the Ecumenical Temple.
  6937 | Temple   | Entered the Ecumenical Temple
  7326 | D:8      | Found Ymaent's General Store.
  7408 | D:8      | Reached skill level 8 in Axes
  7867 | D:8      | Reached XP level 10. HP: 49/61 MP: 8/10
  8359 | D:9      | Identified the +2 robe of Optimism {Str+3 Dex+3}
  8387 | D:9      | Noticed an eight-headed hydra
  8394 | D:9      | Slain by a six-headed hydra

Illustrated notes

Levels and vault maps discovered:
D:1:      wander_arrival_desolate, layout_loops_ring, serial_shops,
          nicolae_shop_waterfront, chequers_serial_rivers_micro_a
D:2:      layout_loops_ring
D:3:      layout_rooms, grunt_temple_overflow_cloverleaf, uniq_natasha,
          uniq_jessica
D:4:      layout_loops_corners, serial_shops, nicolae_shop_stone
D:5:      layout_loops_corners, cheibrodos_sewer_entry_drain, uniq_ijyb
D:6:      layout_basic, lemuel_crystal_altar, grunt_gozag_statues,
          nicolae_qazlal_scattered_showers
D:7:      nicolae_cairo_tiling_large_dashed, layout_basic, minmay_nine_imps
D:8:      layout_basic, serial_shops, nicolae_diamond_shop, blue_anna_alchemist
D:9:      minmay_tri_box, layout_irregular_city, serial_shops,
          nicolae_shop_hallway_stairs
Temple:   nicolae_temple_two_arcs

Skill      XL: |  1  2  3  4  5  6  7  8  9 10 |
---------------+-------------------------------+-----
Axes           | 2 3 4 5 6 8 |  8.5
Armour         | 4 5 6 7 |  7.1
Shields        | 4 6 7 |  7.0
Fighting       | 4 5 6 |  6.5
Evocations     | 2 4 |  4.3

Action                     |  1- 3 |  4- 6 |  7- 9 | 10-12 || total
---------------------------+-------+-------+-------+-------++-------
  Melee: War axe           |   111 |   209 |   471 |    38 ||   829
    Use: Potion            |       |     2 |     1 |       ||     3
         Scroll            |       |       |    15 |     5 ||    20
 Armour: Scale mail        |    26 |       |       |       ||    26
         Chain mail        |    32 |   166 |   119 |       ||   317
         Plate armour      |       |       |   297 |    31 ||   328
  Dodge: Dodged            |    48 |    69 |    95 |    10 ||   222
  Block: Buckler           |    21 |    27 |       |       ||    48
         Kite shield       |       |    39 |   278 |    28 ||   345

Table legend: (Time is in decaauts)
 A = Elapsed time spent in this place.
 B = Non-inter-level travel time spent in this place.
 C = Inter-level travel time spent in this place.
 D = Time resting spent in this place.
 E = Time spent auto-exploring this place.
 F = Levels seen in this place.
 G = Mean time per level.
                   A        B        C        D        E       F      G
               +--------+--------+--------+--------+--------+-----+--------+
         Total |   8723 |   8590 |    133 |   1069 |   5391 |  11 |  793.0 |
       Dungeon |   8023 |   7890 |    133 |   1069 |   4910 |   9 |  891.4 |
        Temple |    129 |    129 |      0 |      0 |    104 |   1 |  129.0 |
         Sewer |    570 |    570 |      0 |      0 |    376 |   1 |  570.0 |
               +--------+--------+--------+--------+--------+-----+--------+

Top non-repeatable levels by time:
     D:7: 1453 daAuts
     D:5: 1258 daAuts
     D:8: 1048 daAuts
     D:4: 998 daAuts
     D:6: 869 daAuts
     D:3: 848 daAuts
     D:2: 811 daAuts
     D:1: 669 daAuts
   Sewer: 570 daAuts
  Temple: 129 daAuts
     D:9: 65 daAuts
